PIO (24 & UNDER)
SEATTLE RAINIERS @ SURREY SINNERS
04/28/2026
 
TOP OF THE 1ST
Seattle Rainiers batting - Pitching for Surrey Sinners : RHP Juan Rojas
Pitching: RHP Juan Rojas
Batting: RHB Enrique Mendoza 0-0: Foul Ball, location: 2F
0-1: Foul Ball, location: 2F
0-2: Ball
1-2: Foul Ball, location: 2F
1-2: Foul Ball, location: 2F
1-2: Ball
2-2: Strikes out looking
Batting: RHB Alfredo Farías 0-0: Foul Ball, location: 2F
0-1: Ball
1-1: Called Strike
1-2: Foul Ball, location: 2F
1-2: Foul Ball, location: 2F
1-2: Ball
2-2: Strikes out looking
Batting: RHB Robert Marks 0-0: Called Strike
0-1: Called Strike
0-2: Strikes out swinging
Top of the 1st over - 0 run(s), 0 hit(s), 0 error(s), 0 left on base; Seattle 0 - Surrey 0
BOTTOM OF THE 1ST
Surrey Sinners batting - Pitching for Seattle Rainiers : RHP Domingo García
Pitching: RHP Domingo García
Batting: RHB Eugene Booth 0-0: Ball
1-0: Ground out 4-3 (Groundball, 4M)
Batting: RHB Jesús Lara 0-0: Ball
1-0: Ball
2-0: Called Strike
2-1: Foul Ball, location: 2F
2-2: Ground out 6-3 (Groundball, 6M)
Batting: RHB Clint Younger 0-0: Ball
1-0: Ground out 6-3 (Groundball, 6)
Bottom of the 1st over - 0 run(s), 0 hit(s), 0 error(s), 0 left on base; Seattle 0 - Surrey 0
TOP OF THE 2ND
Seattle Rainiers batting - Pitching for Surrey Sinners : RHP Juan Rojas
Batting: LHB Alan Moore 0-0: Ground out 5-3 (Groundball, 56S)
Batting: RHB Jacob Hill 0-0: Fly out, F9 (Flyball, 89M)
Batting: RHB Tony Hernández 0-0: Swinging Strike
0-1: Ball
1-1: SINGLE (Groundball, 56D)
Batting: RHB Jeremiah Soto 0-0: Ball
1-0: Swinging Strike
1-1: Called Strike
1-2: Ball
2-2: Strikes out looking
Top of the 2nd over - 0 run(s), 1 hit(s), 0 error(s), 1 left on base; Seattle 0 - Surrey 0
BOTTOM OF THE 2ND
Surrey Sinners batting - Pitching for Seattle Rainiers : RHP Domingo García
Batting: LHB Buddy Rice 0-0: Called Strike
0-1: Swinging Strike
0-2: Strikes out swinging
Batting: RHB Augusto Trevino 0-0: Foul Ball, location: 2F
0-1: Ball
1-1: Ball
2-1: Foul Ball, location: 2F
2-2: SINGLE (Line Drive, 6M)
Batting: LHB Juan Hinojosa 0-0: Called Strike
Augusto Trevino steals 2nd base
0-1: Ball
1-1: Ball
2-1: Called Strike
Augusto Trevino steals 3rd base
2-2: Strikes out swinging
Batting: RHB Daniel Santiago 0-0: Fly out, F8 (Flyball, 8LM)
Bottom of the 2nd over - 0 run(s), 1 hit(s), 0 error(s), 1 left on base; Seattle 0 - Surrey 0
TOP OF THE 3RD
Seattle Rainiers batting - Pitching for Surrey Sinners : RHP Juan Rojas
Batting: RHB John Hill 0-0: SINGLE (Groundball, 25) (infield hit)
Batting: RHB Jorge Colón 0-0: Called Strike
0-1: Ball
1-1: Ball
2-1: Ball
3-1: Base on Balls
John Hill to second
Batting: RHB Enrique Mendoza 0-0: Ball
1-0: Swinging Strike
1-1: Foul Ball, location: 2F
1-2: Ball
2-2: DOUBLE (Flyball, 89XD)
John Hill scores
Jorge Colón to third
Batting: RHB Alfredo Farías 0-0: Ball
1-0: Called Strike
1-1: Fly out, F4 (Popup, 3D)
Batting: RHB Robert Marks 0-0: Ball
1-0: Fly out, F8 (Popup, 4D)
Batting: LHB Alan Moore 0-0: Ground out 5-3 (Groundball, 56S)
Top of the 3rd over - 1 run(s), 2 hit(s), 0 error(s), 2 left on base; Seattle 1 - Surrey 0
BOTTOM OF THE 3RD
Surrey Sinners batting - Pitching for Seattle Rainiers : RHP Domingo García
Batting: RHB Félix Castro 0-0: Foul Ball, location: 2F
0-1: Called Strike
0-2: Fly out, F3 (Popup, 3SF)
Batting: RHB Ryan Parrish 0-0: Ground out 3-1 (Groundball, 34S)
Batting: RHB Eugene Booth 0-0: Ball
1-0: Ground out 4-3 (Groundball, 4)
Bottom of the 3rd over - 0 run(s), 0 hit(s), 0 error(s), 0 left on base; Seattle 1 - Surrey 0
TOP OF THE 4TH
Seattle Rainiers batting - Pitching for Surrey Sinners : RHP Juan Rojas
Batting: RHB Jacob Hill 0-0: Foul Ball, location: 2F
0-1: Foul Ball, location: 2F
0-2: Ball
1-2: Ground out 1-3 (Groundball, 13)
Batting: RHB Tony Hernández 0-0: Ball
1-0: Ball
2-0: Called Strike
2-1: Fly out, F9 (Flyball, 9M)
Batting: RHB Jeremiah Soto 0-0: Called Strike
0-1: SINGLE (Groundball, 34D)
Batting: RHB John Hill 0-0: Called Strike
0-1: Ball
1-1: Swinging Strike
1-2: Strikes out swinging
Top of the 4th over - 0 run(s), 1 hit(s), 0 error(s), 1 left on base; Seattle 1 - Surrey 0
BOTTOM OF THE 4TH
Surrey Sinners batting - Pitching for Seattle Rainiers : RHP Domingo García
Batting: RHB Jesús Lara 0-0: Ball
1-0: Foul Ball, location: 2F
1-1: SINGLE (Groundball, 56D)
Batting: RHB Clint Younger 0-0: Ball
1-0: Ball
2-0: Called Strike
2-1: Ground out 5-3 (Groundball, 5S)
Jesús Lara to second
Batting: LHB Buddy Rice 0-0: Foul Ball, location: 2F
0-1: Ball
1-1: Ground out 6-3 (Groundball, 6MS)
Jesús Lara to third
Batting: RHB Augusto Trevino 0-0: Ball
1-0: Ball
2-0: SINGLE (Line Drive, 7S)
Jesús Lara scores
Batting: LHB Juan Hinojosa 0-0: DOUBLE (Line Drive, 9LS)
Augusto Trevino to third
Runner from 3rd tries for Home, SAFE, no throw or cutoff
Pinch Runner at 2nd Cooper Richard:
Batting: RHB Daniel Santiago 0-0: Called Strike
0-1: Foul Ball, location: 2F
0-2: Ball
1-2: Ground out 4-3 (Groundball, 4M)
Bottom of the 4th over - 2 run(s), 3 hit(s), 0 error(s), 1 left on base; Seattle 1 - Surrey 2
TOP OF THE 5TH
Seattle Rainiers batting - Pitching for Surrey Sinners : RHP Juan Rojas
Batting: RHB Jorge Colón 0-0: Ball
1-0: Called Strike
1-1: Fly out, F8 (Flyball, 8RM)
Batting: RHB Enrique Mendoza 0-0: Ground out 6-3 (Groundball, 6)
Batting: RHB Alfredo Farías 0-0: Fly out, F5 (Popup, 25F)
Top of the 5th over - 0 run(s), 0 hit(s), 0 error(s), 0 left on base; Seattle 1 - Surrey 2
BOTTOM OF THE 5TH
Surrey Sinners batting - Pitching for Seattle Rainiers : RHP Domingo García
Batting: RHB Félix Castro 0-0: Ball
1-0: Ball
2-0: Ball
3-0: Called Strike
3-1: Base on Balls
Batting: RHB Ryan Parrish 0-0: Called Strike
0-1: Ball
1-1: Ball
2-1: Grounds into double play, 5-4-3 (Groundball, 5)
Batting: RHB Eugene Booth 0-0: Called Strike
0-1: Foul Ball, location: 2F
0-2: Ball
1-2: Ball
2-2: Ground out 5-3 (Groundball, 5S)
Bottom of the 5th over - 0 run(s), 0 hit(s), 0 error(s), 0 left on base; Seattle 1 - Surrey 2
TOP OF THE 6TH
Seattle Rainiers batting - Pitching for Surrey Sinners : RHP Juan Rojas
Batting: RHB Robert Marks 0-0: Called Strike
0-1: Ball
1-1: Swinging Strike
1-2: Strikes out swinging
Batting: LHB Alan Moore 0-0: Ball
1-0: Ball
2-0: Ground out 4-3 (Groundball, 4)
Batting: RHB Jacob Hill 0-0: Ball
1-0: Called Strike
1-1: Ball
2-1: Called Strike
2-2: Foul Ball, location: 2F
2-2: Strikes out swinging
Top of the 6th over - 0 run(s), 0 hit(s), 0 error(s), 0 left on base; Seattle 1 - Surrey 2
BOTTOM OF THE 6TH
Surrey Sinners batting - Pitching for Seattle Rainiers : RHP Domingo García
Batting: RHB Jesús Lara 0-0: Called Strike
0-1: Ball
1-1: Swinging Strike
1-2: Foul Ball, location: 2F
1-2: Strikes out swinging
Batting: RHB Clint Younger 0-0: Ball
1-0: Called Strike
1-1: Ball
2-1: Foul Ball, location: 2F
2-2: DOUBLE (Line Drive, 89XD)
Batting: LHB Buddy Rice 0-0: Ball
1-0: Ground out 6-3 (Groundball, 6M)
Clint Younger to third
Batting: RHB Augusto Trevino 0-0: Ball
1-0: Fly out, F8 (Flyball, 8RM)
Bottom of the 6th over - 0 run(s), 1 hit(s), 0 error(s), 1 left on base; Seattle 1 - Surrey 2
TOP OF THE 7TH
Seattle Rainiers batting - Pitching for Surrey Sinners : RHP Juan Rojas
Batting: RHB Tony Hernández 0-0: Foul Ball, location: 2F
0-1: Ball
1-1: Ball
2-1: Ball
3-1: Ground out 1-3 (Groundball, 13)
Batting: RHB Jeremiah Soto 0-0: Ground out 5-3 (Groundball, 56S)
Batting: RHB John Hill 0-0: Ball
1-0: Ground out 1-3 (Groundball, 13S)
Top of the 7th over - 0 run(s), 0 hit(s), 0 error(s), 0 left on base; Seattle 1 - Surrey 2
BOTTOM OF THE 7TH
Surrey Sinners batting - Pitching for Seattle Rainiers : RHP Domingo García
Batting: RHB Cooper Richard 0-0: Reached on error, E6 (Groundball, 6)
Pinch Hitting: RHB Ramón Molina 0-0: Foul Ball, location: 2F
0-1: Ball
1-1: Called Strike
1-2: Ball
2-2: Ball
3-2: Foul Ball, location: 2F
3-2: Base on Balls
Cooper Richard to second
Pinch Hitting: LHB Tony Smith 0-0: Swinging Strike
0-1: Called Strike
Cooper Richard steals 3rd base
Ramón Molina to second
0-2: Ball
1-2: Ball
2-2: Ball
3-2: Intentional Walk
Pitching: RHP Jim Thompson
Batting: RHB Ryan Parrish 0-0: Swinging Strike
0-1: Ball
1-1: Grounds into fielders choice 5-2 (Groundball, 56)
Ramón Molina to third
Tony Smith to second
Batting: RHB Eugene Booth 0-0: SINGLE (Groundball, 56D)
Ramón Molina scores
Tony Smith to third
Ryan Parrish to second
Batting: RHB Jesús Lara 0-0: Called Strike
0-1: Fly out, F7 (Flyball, 7M)
Batting: RHB Clint Younger 0-0: Ball
1-0: Called Strike
1-1: Foul Ball, location: 2F
1-2: SINGLE (Groundball, 56D)
Tony Smith scores
Ryan Parrish to third
Eugene Booth to second
Runner from 3rd tries for Home, SAFE, no throw or cutoff
Batting: LHB Buddy Rice 0-0: Fly out, F8 (Flyball, 8RM)
Bottom of the 7th over - 3 run(s), 2 hit(s), 1 error(s), 2 left on base; Seattle 1 - Surrey 5
TOP OF THE 8TH
Seattle Rainiers batting - Pitching for Surrey Sinners : RHP Juan Rojas
Now at 3B: José Blanco
Now in RF: Ricardo Deleón
Batting: RHB Jorge Colón 0-0: Called Strike
0-1: Foul Ball, location: 2F
0-2: Foul Ball, location: 2F
0-2: Ball
1-2: Ball
2-2: Ball
3-2: Ground out 5-3 (Groundball, 56S)
Pitching: RHP Bob Martin
Batting: RHB Enrique Mendoza 0-0: Called Strike
0-1: Called Strike
0-2: Ball
1-2: Ball
2-2: Ground out 4-3 (Groundball, 4)
Batting: RHB Alfredo Farías 0-0: Called Strike
0-1: Called Strike
0-2: Strikes out swinging
Top of the 8th over - 0 run(s), 0 hit(s), 0 error(s), 0 left on base; Seattle 1 - Surrey 5
BOTTOM OF THE 8TH
Surrey Sinners batting - Pitching for Seattle Rainiers : RHP Jim Thompson
Batting: RHB Augusto Trevino 0-0: Ball
1-0: Called Strike
1-1: Ball
2-1: Ball
3-1: Base on Balls
Batting: RHB Cooper Richard 0-0: Called Strike
0-1: Ball
1-1: Sac Bunt - play at first, batter OUT! 1-3
Augusto Trevino to second
Batting: LHB José Blanco 0-0: Intentional Walk
Batting: RHB Ricardo Deleón 0-0: Ball
1-0: Ball
2-0: Ball
3-0: Base on Balls
Augusto Trevino to third
José Blanco to second
Batting: RHB Ryan Parrish 0-0: Ball
1-0: Fly out, F9 (Flyball, 9LM)
Runner from 3rd tags up, SCORES, no throw
Pitching: RHP Jimmy Banks
Batting: RHB Eugene Booth 0-0: Ground out 2-3 (Groundball, 2R)
Bottom of the 8th over - 1 run(s), 0 hit(s), 0 error(s), 2 left on base; Seattle 1 - Surrey 6
TOP OF THE 9TH
Seattle Rainiers batting - Pitching for Surrey Sinners : RHP Bob Martin
Batting: RHB Robert Marks 0-0: Called Strike
0-1: Called Strike
0-2: Ball
1-2: Ball
2-2: Ball
3-2: Strikes out swinging
Batting: LHB Alan Moore 0-0: Foul Ball, location: 2F
0-1: Swinging Strike
0-2: Strikes out looking
Batting: RHB Jacob Hill 0-0: Called Strike
0-1: Called Strike
0-2: Strikes out swinging
Top of the 9th over - 0 run(s), 0 hit(s), 0 error(s), 0 left on base; Seattle 1 - Surrey 6
Monday, December 5th, 2016 - OOTP Baseball 17.12 Build 75